 Dungeon Crawl Stone Soup version 0.30.1-9-gdf580d7c3d (webtiles) character file.

Game seed: 11326829259078240240

20533 Cheops the Basher (level 12, -3/88 HPs)
             Began as a Naga Fire Elementalist on Oct 15, 2023.
             Was a High Priest of Cheibriados.
             Slain by a +5 long sword (5 damage)
             ... on level 13 of the Dungeon on Oct 16, 2023.
             The game lasted 01:21:41 (26193 turns).

Cheops the Basher (Naga Fire Elementalist)         Turns: 26193, Time: 01:21:42

Health: -3/88      AC: 16    Str: 24    XL:     12   Next: 80%
Magic:  18/18      EV: 18    Int: 32    God:    Cheibriados [*****.]
Gold:   668        SH: 14    Dex: 26    Spells: 4/17 levels left

rFire   + . .        a - staff of fire {!a}
rCold   . . .        g - +3 buckler
rNeg    + . .        L - +2 scale mail {rN+}
rPois   +            K - +2 helmet
rElec   .            r - +0 cloak
rCorr   .            M - +1 pair of gloves
SInv    +            (no barding)
Will    +....        o - amulet of reflection
Stlth   ++           t - +5 ring of evasion
HPRegen 0.34/turn    E - +5 ring of evasion
MPRegen 0.16/turn

%: reflection
@: about to teleport, marked, very slow
A: AC +4, large, see invisible, deformed body, poison resistance, slowness 2,
spit poison 1, naga tail 1
a: Spit Poison, Renounce Religion, Bend Time, Temporal Distortion, Slouch, Step
From Time


You were on level 13 of the Dungeon.
You worshipped Cheibriados.
Cheibriados was extremely pleased with you.
You visited 2 branches of the dungeon, and saw 14 of its levels.
You also visited: Ice Cave.

You collected 668 gold pieces.

Inventory:

Hand Weapons
 b - a +5 morningstar of freezing
 c - a +2 whip of electrocution
 I - a +0 dagger of venom
Missiles
 f - a throwing net
Armour
 g - a +3 buckler (worn)
 r - a +0 cloak (worn)
 H - a +2 robe of cold resistance
 J - a +2 chain mail of poison resistance
 K - a +2 helmet (worn)
 L - a +2 scale mail of positive energy (worn)
 M - a +1 pair of gloves (worn)
Magical Staves
 a - a staff of fire (weapon) {!a}
 d - the staff of cold "Very" {rF- rC+ Str-4 Int+9}
   (You found it on level 13 of the Dungeon)

   [staff of cold]

   Base accuracy: +5 Base damage: 5 Base attack delay: 1.2 This weapon's minimum
   attack delay (0.6) is reached at skill level 12.
   Str:       It affects your strength (-4).
   Int:       It affects your intelligence (+9).
   rF:        It makes you vulnerable to fire.
   rC:        It protects you from cold.
   It falls into the 'Staves' category.
   It is a one-handed weapon.
Jewellery
 o - an amulet of reflection (around neck)
 t - a +5 ring of evasion (left hand)
 u - a ring of wizardry
 E - a +5 ring of evasion (right hand)
 G - an amulet of the acrobat
 O - a ring of resist corrosion
Wands
 k - a wand of polymorph (8)
 w - a wand of flame (42)
 y - a wand of iceblast (25)
Scrolls
 h - a scroll of identify
 l - 4 scrolls of teleportation
 m - 3 scrolls of vulnerability
 s - a scroll of fog
 x - a scroll of silence
 z - 2 scrolls of immolation
 A - a scroll of enchant weapon
 D - a scroll of enchant armour
 N - 5 scrolls of poison
Potions
 e - 2 potions of flight
 i - 7 potions of curing
 j - a potion of lignification
 n - a potion of brilliance
 p - a potion of ambrosia
 q - 2 potions of heal wounds
 v - 2 potions of attraction
 B - a potion of mutation
 C - 2 potions of might
 F - a potion of berserk rage
Miscellaneous
 P - a box of beasts


   Skills:
 + Level 10.9 Maces & Flails
 - Level 3.0 Armour
 - Level 1.5 Dodging
 - Level 3.0 Stealth
 - Level 2.0 Shields
 - Level 3.0 Spellcasting
 - Level 10.0 Conjurations
 - Level 10.0 Fire Magic
 - Level 8.3 Invocations
 - Level 7.1 Evocations


You had 4 spell levels left.
You knew the following spells:

 Your Spells              Type           Power      Damage    Failure   Level
a - Foxfire               Conj/Fire      100%       2x1d9     1%          1
b - Scorch                Fire           100%       2d9       1%          2
v - Volatile Blastmotes   Fire/Tloc      100%       2d18      7%          3
w - Flame Wave            Conj/Fire      80%        2d17      3%          4
C - Call Canine Familiar  Summ           4%         N/A       50%         3

Your spell library contained the following spells:

 Spells                   Type           Power      Damage    Failure   Level
 Kiss of Death            Conj/Necr      100%       2d13      2%          1
 Inner Flame              Hex/Fire       53%        N/A       7%          3
 Apportation              Tloc           8%         N/A       19%         1
 Summon Small Mammal      Summ           16%        N/A       19%         1
 Confusing Touch          Hex            4%         N/A       50%         3
 Summon Guardian Golem    Hex/Summ       4%         N/A       50%         3
 Dispel Undead            Necr           4%         3d7       88%         4
 Orb of Destruction       Conj           31%        9d10      95%         7
 Alistair's Intoxication  Tmut/Pois      2%         N/A       99%         5
 Summon Forest            Summ/Tloc      2%         N/A       99%         5
 Summon Mana Viper        Hex/Summ       4%         N/A       99%         5
 Summon Cactus Giant      Summ           2%         N/A       100%        6
 Spellforged Servitor     Conj/Summ      18%        N/A       100%        7


Dungeon Overview and Level Annotations

Branches:
Dungeon (13/15)            Temple (1/1) D:4            Lair (0/5) D:8
    Orc (0/2) D:11          IceCv (visited)
 Vaults: D:13-14

Altars:
Ashenzari
Cheibriados
Dithmenos
Elyvilon
Fedhas
Gozag
Hepliaklqana
Kikubaaqudgha
Makhleb
Nemelex Xobeh
Okawaru
Qazlal
Ru
Sif Muna
Trog
Uskayaw
Vehumet
Wu Jian
Xom
Yredelemnul
Zin
The Shining One

Annotations:
D:9 1 runed translucent door, WaxSun's ghost, journeyman HuFi


Innate Abilities, Weirdness & Mutations

Your serpentine skin is tough. (AC +4)
You have supernaturally acute eyesight. (SInv)
Armour fits poorly on your strangely shaped body.
Your system is resistant to poisons. (rPois)
You cover ground very slowly.
You can spit poison.
You have a snake-like lower body.


Message History

Okay, then.
Okay, then.
There is a stone staircase leading down here.
Found a box of beasts.
Found a trident.
A sourceless malevolence fills the Dungeon...
With a horrendous wail, an alarm goes off!
A sentinel's mark forms upon you.
You hear an angry squeal. x2; You hear a shout!
You hear an angry squeal. x3
You hear a horrible gurgling sound!
Found a scroll of teleportation.
You see here a box of beasts.
P - a box of beasts A +6 long sword comes into view.
The +6 long sword hits you.
You closely miss the +6 long sword.
A +5 long sword comes into view.
You block the +6 long sword's attack. You block the +5 long sword's attack.
You block the +6 long sword's attack. You block the +5 long sword's attack.
The +6 long sword hits you!!
The +5 long sword completely misses you.
You block the +6 long sword's attack. The +5 long sword hits you!
* * * LOW HITPOINT WARNING * * *
The +6 long sword hits you!!
* * * LOW HITPOINT WARNING * * *
A hog comes into view.
As you read the scroll of teleportation, it crumbles to dust.
You feel strangely unstable. The +5 long sword hits you!
* * * LOW HITPOINT WARNING * * *
You block the +6 long sword's attack. The +5 long sword barely misses you.
The +6 long sword hits you.
* * * LOW HITPOINT WARNING * * *
The +5 long sword attacks as you move away!
You block the +5 long sword's attack.
The +6 long sword attacks as you move away!
The +6 long sword hits you!
* * * LOW HITPOINT WARNING * * *
A hog comes into view.
The +5 long sword hits you.
You die...

#.........?#
#..........##
#...........#
#..........#
#..........#
#..........#
#.........#
#)...(@...#
###...(...#
##h#....##
###.####.##
###.h## ###
##.....###
##........###
##...........##
#.............#


You could see 2 hogs and 2 dancing weapons.

Vanquished Creatures
  An ice dragon (D:11)
  3 two-headed ogres
  A boulder beetle (D:6)
  Nergalle (D:12)
  A cyclops (D:11)
  A manticore (D:12)
  2 ice statues (IceCv)
  4 gargoyles
  An unseen horror (D:10)
  A rime drake (D:11)
  5 ice devils (IceCv)
  2 freezing wraiths
  Psyche (D:11)
  A polar bear (D:11)
  A hornet (D:9)
  2 trolls
  6 slime creatures (D:12)
  A shadow (D:11)
  3 wraiths
  A culicivora (shapeshifter) (D:13)
  3 wyverns
  15 yaks
  A death yak simulacrum (IceCv)
  2 dire elephant simulacra (IceCv)
  2 steam dragons
  2 vampire mosquitoes (D:12)
  An acid dragon (D:9)
  A harpy simulacrum (IceCv)
  5 water moccasins
  2 ice beasts
  6 black bears
  An ogre (D:7)
  A wolf (D:11)
  7 centaurs
  2 phantoms
  2 kobold brigands
  3 bullfrogs
  3 gnoll sergeants
  3 scorpions
  3 two-headed ogre simulacra (IceCv)
  A cane toad simulacrum (IceCv)
  20 wights
  5 electric eels (D:9)
  5 howler monkeys
  A gnoll bouda (D:8)
  3 jellies
  5 orc priests
  A sleepcap (D:4)
  2 iguanas
  5 orc wizards
  2 spriggan simulacra (IceCv)
  3 troll simulacra (IceCv)
  A wolf simulacrum (IceCv)
  A polar bear simulacrum (IceCv)
  22 gnolls
  6 adders
  A shadow imp (D:7)
  6 white imps
  4 ufetubi (IceCv)
  4 worms (D:2)
  4 dart slugs (D:1)
  32 orcs
  16 endoplasms
  7 giant cockroaches
  4 goblins
  6 hobgoblins
  2 jackals (D:5)
  5 quokkas
  8 ball pythons
  8 bats
  3 frilled lizards
  21 kobolds
  5 rats
323 creatures vanquished.

Vanquished Creatures (collateral kills)
  An acid dragon (D:5)
  A gnoll bouda (D:5)
2 creatures vanquished.

Vanquished Creatures (others)
  An orc wizard (D:5)
  933 foxfires
934 creatures vanquished.

Grand Total: 1259 creatures vanquished

Notes
Turn   | Place    | Note
-------+----------+-------------------------------------------
     0 | D:1      | Cheops the Naga Fire Elementalist began the quest for the
                  | Orb.
     0 | D:1      | Reached XP level 1. HP: 15/15 MP: 3/3
   126 | D:1      | Reached XP level 2. HP: 22/22 MP: 0/5
   532 | D:1      | Learned a level 2 spell: Scorch
   686 | D:1      | Reached XP level 3. HP: 28/28 MP: 5/7
   949 | D:1      | Found a faded altar of an unknown god.
  1802 | D:2      | Reached skill level 1 in Shields
  1910 | D:2      | Reached XP level 4. HP: 36/36 MP: 2/8
  2786 | D:2      | Learned a level 4 spell: Flame Wave
  3579 | D:3      | Found a faded altar of an unknown god.
  3579 | D:3      | Found a shimmering altar of Xom.
  3597 | D:3      | Found a stormy altar of Qazlal.
  3599 | D:3      | Found a snail-covered altar of Cheibriados.
  3601 | D:3      | Found a sparkling altar of Nemelex Xobeh.
  4421 | D:3      | Reached XP level 5. HP: 42/42 MP: 1/9
  4702 | D:4      | Found an iron altar of Okawaru.
  5078 | D:4      | Found an opulent altar of Gozag.
  5172 | D:4      | Found a staircase to the Ecumenical Temple.
  5193 | Temple   | Entered the Ecumenical Temple
  5340 | D:3      | Became a worshipper of Cheibriados the Contemplative
  5382 | D:4      | Reached XP level 6. HP: 49/49 MP: 7/10
  5639 | D:5      | Entered Level 5 of the Dungeon
  5639 | D:5      | Noticed a +0 spear
  5639 | D:5      | Noticed a +0 falchion
  5640 | D:5      | Noticed a +0 short sword
  5640 | D:5      | Noticed a +0 dagger
  5641 | D:5      | Noticed a +0 dagger
  5644 | D:5      | Noticed a +0 falchion
  5647 | D:5      | Noticed a +0 short sword
  5666 | D:5      | Noticed a +0 spear
  5914 | D:5      | Noticed a black bear
  5928 | D:4      | Killed a black bear
  5929 | D:4      | Reached skill level 5 in Fire Magic
  5929 | D:4      | Reached XP level 7. HP: 49/55 MP: 3/11
  6096 | D:5      | Reached * piety under Cheibriados
  6108 | D:5      | Reached skill level 5 in Conjurations
  6312 | D:5      | Found a hide-covered altar of Uskayaw.
  6748 | D:5      | Found a white marble altar of Elyvilon.
  6748 | D:5      | Found a glowing golden altar of the Shining One.
  6748 | D:5      | Found a glowing silver altar of Zin.
  6851 | D:5      | Reached XP level 8. HP: 62/62 MP: 10/12
  7199 | D:6      | Reached ** piety under Cheibriados
  7349 | D:6      | Reached skill level 1 in Invocations
  7412 | D:6      | Noticed a yak
  7422 | D:6      | Killed a yak
  7630 | D:6      | Noticed a boulder beetle
  7782 | D:6      | Reached skill level 5 in Invocations
  8170 | D:6      | Killed a boulder beetle
  8171 | D:6      | Reached XP level 9. HP: 14/68 MP: 5/15
 10390 | D:7      | Reached *** piety under Cheibriados
 10391 | D:7      | Reached XP level 10. HP: 75/75 MP: 5/16
 10746 | D:8      | Found a staircase to the Lair.
 11580 | D:7      | Reached **** piety under Cheibriados
 11991 | D:8      | Reached skill level 10 in Conjurations
 12335 | D:8      | Found a staircase to the Lair.
 13976 | D:5      | Found a hide-covered altar of Uskayaw.
 14198 | D:5      | Found a glowing silver altar of Zin.
 14200 | D:5      | Found a glowing golden altar of the Shining One.
 14202 | D:5      | Found a white marble altar of Elyvilon.
 14518 | D:4      | Found an iron altar of Okawaru.
 14655 | D:4      | Found a staircase to the Ecumenical Temple.
 14809 | D:4      | Found an opulent altar of Gozag.
 15074 | D:3      | Found a faded altar of an unknown god.
 15074 | D:3      | Found a shimmering altar of Xom.
 15082 | D:3      | Found a stormy altar of Qazlal.
 15084 | D:3      | Found a sparkling altar of Nemelex Xobeh.
 15086 | D:3      | Found a snail-covered altar of Cheibriados.
 16546 | D:1      | Found a faded altar of an unknown god.
 17504 | D:9      | Reached skill level 1 in Armour
 17835 | D:9      | Found an ancient bone altar of Kikubaaqudgha.
 18103 | D:9      | Reached XP level 11. HP: 73/81 MP: 17/17
 18178 | D:9      | Reached skill level 1 in Maces & Flails
 18919 | D:9      | Found a runed translucent door.
 18921 | D:9      | Noticed WaxSun's ghost (journeyman HuFi)
 18921 | D:9      | Noticed an eight-headed hydra
 19101 | D:10     | Entered Level 10 of the Dungeon
 19351 | D:10     | Reached skill level 10 in Fire Magic
 19495 | D:10     | Found an ornate altar of the Wu Jian Council.
 19573 | D:10     | Noticed a two-headed ogre
 19578 | D:10     | Killed a two-headed ogre
 19579 | D:10     | Reached skill level 5 in Maces & Flails
 20098 | D:11     | Learned a level 3 spell: Volatile Blastmotes
 20116 | D:11     | Found a staircase to the Orcish Mines.
 20152 | D:11     | Noticed a two-headed ogre
 20161 | D:11     | Killed a two-headed ogre
 20162 | D:11     | Noticed a cyclops
 20242 | D:11     | Found a frozen archway.
 20260 | D:11     | Noticed an ice dragon
 20281 | D:11     | Killed an ice dragon
 20287 | D:11     | Reached ***** piety under Cheibriados
 20477 | IceCv    | Entered an ice cave
 20581 | IceCv    | Reached skill level 1 in Evocations
 20726 | IceCv    | Reached XP level 12. HP: 52/88 MP: 7/18
 21586 | IceCv    | Reached skill level 5 in Evocations
 21837 | IceCv    | Noticed a reaper
 22104 | D:11     | Found a radiant altar of Vehumet.
 22266 | D:11     | Noticed Psyche
 22275 | D:11     | Killed Psyche
 22672 | D:11     | Found a staircase to the Orcish Mines.
 22701 | D:11     | Found a radiant altar of Vehumet.
 23116 | D:10     | Found an ornate altar of the Wu Jian Council.
 23917 | D:9      | Found an ancient bone altar of Kikubaaqudgha.
 24216 | D:9      | Found a runed translucent door.
 24434 | D:8      | Found a staircase to the Lair.
 24906 | D:12     | Noticed a two-headed ogre
 24917 | D:12     | Killed a two-headed ogre
 25007 | D:12     | Reached skill level 10 in Maces & Flails
 25458 | D:12     | Learned a level 3 spell: Call Canine Familiar
 25580 | D:12     | Noticed Nergalle
 25593 | D:12     | Killed Nergalle
 25998 | D:13     | Identified the staff of cold "Very" {rF- rC+ Str-4 Int+9}
 26151 | D:13     | Noticed a centaur warrior
 26151 | D:13     | Noticed a tengu warrior
 26193 | D:13     | HP: 1/88 [+6 long sword (16)]
 26193 | D:13     | Slain by a +5 long sword

Illustrated notes

Levels and vault maps discovered:
D:1:      dpeg_arrival_water_temple_mockup, layout_basic,
          ebering_ecumenical_altar_hall
D:2:      layout_loops_ring, columned_hall_lemuel, st_stairs_3,
          palyth_stone_intersect, kennysheep_generic_room_14
D:3:      cheibrodos_fertilizer, layout_basic,
          chequers_temple_overflow_minitemple
D:4:      layout_cave_pools, overflow_temple_1_default,
          nicolae_overflow_crystal_walls, minmay_temple_entry_large_hall,
          serial_forest, infiniplex_forest_straight_4,
          infiniplex_forest_straight_3, infiniplex_forest_lined_corner,
          infiniplex_forest_lined_3_way, infiniplex_forest_diagonal,
          infiniplex_forest_clump_long, infiniplex_forest_end_1, st_stairs_3,
          minmay_quantized
D:5:      layout_loops_corners, good_gods_mini_temple, nicolae_uskayaw_en_pointe
D:6:      kennysheep_big_flooded_room, layout_rooms, nrook_campfire
D:7:      layout_layer_cave, reono_crystal_passage, kennysheep_crisscross
D:8:      layout_rooms, due_lair_maze_entry_diamond
D:9:      layout_basic, marbit_many_paths, ebering_ghost_inner_flame
D:10:     layout_loops_ring, mainiacjoe_overflow_six_doors_small
D:11:     layout_basic, orc_0_dummy, portal_ice_cave_entry_animals_and_master,
          nicolae_vehumet_altar_sigil, uniq_psyche
D:12:     layout_irregular_city, uniq_nergalle
D:13:     layout_cave_pods, erik_vaults_1, nicolae_ru_sacrificial_ziggurat,
          uniq_kirke
Temple:   hellmonk_temple_rainy

Skill      XL: |  1  2  3  4  5  6  7  8  9 10 11 12 |
---------------+-------------------------------------+-----
Spellcasting   | 3 |  3.0
Conjurations   | 2 3 4 6 8 10 | 10.0
Shields        | 1 2 |  2.0
Fire Magic     | 5 6 7 9 10 | 10.0
Invocations    | 8 |  8.3
Armour         | 3 |  3.0
Maces & Flails | 9 10 | 10.9
Evocations     | 2 7 |  7.1
Dodging        | |  1.5
Stealth        | |  3.0

Action                     |  1- 3 |  4- 6 |  7- 9 | 10-12 || total
---------------------------+-------+-------+-------+-------++-------
  Melee: Unarmed           |    11 |     5 |       |       ||    16
         Dagger            |       |    38 |    62 |     2 ||   102
         Whip              |       |       |     1 |    91 ||    92
         Morningstar       |       |       |       |   177 ||   177
         Staff             |       |       |       |    13 ||    13
   Cast: Foxfire           |    62 |   124 |   137 |   210 ||   533
         Scorch            |     2 |    15 |    20 |   120 ||   157
         Flame Wave        |       |       |     8 |    21 ||    29
 Invoke: Bend Time         |       |       |     5 |       ||     5
         Step From Time    |       |       |       |     1 ||     1
Ability: Spit Poison       |     1 |     3 |     5 |     1 ||    10
  Evoke: Wand              |       |       |       |     3 ||     3
    Use: Scroll            |       |     5 |     6 |    16 ||    27
         Potion            |       |       |     5 |     8 ||    13
   Stab: Sleeping          |       |     1 |     2 |     2 ||     5
         Distracted        |       |       |       |     1 ||     1
 Armour: Robe              |     1 |    12 |    24 |     6 ||    43
         Skin              |       |       |     2 |    20 ||    22
         Scale mail        |       |       |       |   102 ||   102
  Dodge: Dodged            |     8 |    33 |    57 |   338 ||   436
  Block: Buckler           |     1 |    27 |    68 |   309 ||   405
         Reflection        |       |     2 |     4 |    13 ||    19
